 Dungeon Crawl Stone Soup version 0.30.0-2-g1aa4bd4387 (webtiles) character file.

Game seed: 5518603300733421277

618 Cruella the Magician (level 8, -7/59 HPs)
             Began as a Meteoran Wanderer on May 7, 2023.
             Mangled by an iguana (9 damage)
             ... on level 5 of the Dungeon.
             The game lasted 00:19:05 (2228 turns).

Cruella the Magician (Meteoran Wanderer)            Turns: 2228, Time: 00:19:06

Health: -7/59      AC:  4    Str: 14    XL:     8   Next: 4%
Magic:  14/18      EV: 11    Int: 14    God:
Gold:   226        SH:  0    Dex: 15    Spells: 15/19 levels left

rFire   . . .        p - +1 dagger (freeze)
rCold   . . .        (no shield)
rNeg    . . .        c - +0 leather armour
rPois   .            (no helmet)
rElec   .            d - +0 cloak
rCorr   .            (no gloves)
SInv    .            (no boots)
Will    +....        (no amulet)
Stlth   +            (no ring)
HPRegen 0.29/turn    (no ring)
MPRegen 0.16/turn

%: no passive effects
@: glowing
A: sense surroundings 1, otherworldly, glowing, explore regen
a: no special abilities


You were on level 5 of the Dungeon.
You visited 1 branch of the dungeon, and saw 6 of its levels.

You collected 226 gold pieces.

Inventory:

Hand Weapons
 a - a +0 club
 g - a +0 whip
 i - a +0 dagger
 j - a +0 short sword
 m - a +1 dagger of draining
 p - a +1 dagger of freezing (weapon)
 r - a +0 spear
 t - a +0 dagger of speed
Missiles
 h - 14 stones
 u - 5 poisoned darts (quivered)
 v - 2 boomerangs
Armour
 b - a +0 helmet
 c - a +0 leather armour (worn)
 d - a +0 cloak (worn)
 e - a +0 robe
 f - a +0 ring mail
 k - a +0 scale mail
 l - a +0 chain mail
Scrolls
 n - a scroll of fog {unknown}
 o - a scroll of amnesia {unknown}
 q - 6 scrolls of identify
 x - a scroll of enchant weapon {unknown}
 y - a scroll of noise {unknown}
Potions
 z - a potion of flight


   Skills:
 - Level 1.1 Fighting
 - Level 1.8 Short Blades
 - Level 2.8 Maces & Flails
 - Level 2.4 Armour
 - Level 1.2 Dodging
 - Level 0.1 Stealth
 - Level 6.2 Spellcasting
 + Level 5.6 Conjurations
 - Level 4.8 Fire Magic
 - Level 1.2 Earth Magic


You had 15 spell levels left.
You knew the following spells:

 Your Spells              Type           Power      Damage    Failure   Level
a - Foxfire               Conj/Fire      76%        2x1d7     2%          1
b - Volatile Blastmotes   Fire/Tloc      22%        2d11      22%         3

Your spell library contained the following spells:

 Spells                   Type           Power      Damage    Failure   Level
 Sandblast                Erth           14%        2d6       12%         1
 Stone Arrow              Conj/Erth      26%        3d8       14%         3
 Ignite Poison            Fire/Tmut/Pois 8%         N/A       28%         3
 Animate Dead             Necr           4%         N/A       88%         4
 Borgnjor's Vile Clutch   Necr/Erth      3%         N/A       99%         5
 Death Channel            Necr           2%         N/A       100%        6


Dungeon Overview and Level Annotations

Branches:
Dungeon (6/15) Zot: 1383
 Temple: D:4-7

Altars:

Shops:
D:4 (

Annotations:
D:3 Ijyb


Innate Abilities, Weirdness & Mutations

You passively map a small area around you.
You are easily found by Zot.
You glow in the dark.
You regain HP and MP as you explore.


Message History

The hound bites you but does no damage.
You closely miss the hound.
The hound is heavily wounded.
The hound barely misses you.
Your magical contamination has completely faded away.
You barely miss the hound.
The hound is heavily wounded.
The hound closely misses you. x2
You hit the hound but do no damage.
The hound is heavily wounded.
The hound closely misses you.
You hit the hound. You freeze the hound.
The hound is severely wounded.
The hound bites you.
* * * LOW HITPOINT WARNING * * *
You closely miss the hound.
The hound is severely wounded.
The hound closely misses you. The hound barely misses you.
You miss the hound.
The hound is severely wounded.
The hound barely misses you.
You hit the hound. You freeze the hound.
The hound is almost dead.
The hound bites you.
* * * LOW HITPOINT WARNING * * *
You closely miss the hound. You punch the hound.
The hound is almost dead.
The hound bites you.
* * * LOW HITPOINT WARNING * * *
The hound barely misses you.
You closely miss the hound.
The hound is almost dead.
The hound bites you but does no damage.
You hit the hound. You freeze the hound.
You kill the hound!
You have reached level 8!
You hit the iguana.
The iguana seems to slow down.
You freeze the iguana.
The iguana is lightly wounded.
The iguana bites you!
You die...

* * * *
, + **
,,,, ,
,* ,, ,
, , ###,
* *, *
#@# , ,
#..Sl##,
, #...h
, * *
#.... ,
*, 8,
#.... *
#####***
*


You could see a black bear, an iguana (slow) and an adder.

Vanquished Creatures
  An ice beast (D:5)
  2 ogres
  A phantom (D:4)
  4 hounds (D:5)
  A jelly (D:5)
  An iguana (D:4)
  Robin (D:3)
  4 adders
  An ufetubus (D:5)
  A worm (D:2)
  2 endoplasms (D:2)
  5 giant cockroaches
  5 goblins (D:3)
  2 hobgoblins
  2 jackals (D:3)
  7 kobolds
  5 quokkas
  2 ball pythons
  3 bats
  2 frilled lizards (D:2)
  A rat (D:1)
53 creatures vanquished.

Vanquished Creatures (others)
  74 foxfires
74 creatures vanquished.

Grand Total: 127 creatures vanquished

Notes
Turn   | Place    | Note
-------+----------+-------------------------------------------
     0 | D:1      | Cruella the Meteoran Wanderer began the quest for the Orb.
     0 | D:1      | Cruella set off with the following items: a +0 club, a
                  | scroll of fear, a +0 leather armour, a +0 cloak; and the
                  | following spells available to memorise: Foxfire, Sandblast,
                  | Volatile Blastmotes, Ignite Poison, Stone Arrow.
     0 | D:1      | Reached XP level 1. HP: 16/16 MP: 3/3
     2 | D:1      | Learned a level 1 spell: Foxfire
   115 | D:1      | Reached skill level 2 in Spellcasting
   154 | D:2      | Reached XP level 2. HP: 23/23 MP: 6/6
   205 | D:2      | Reached skill level 1 in Maces & Flails
   205 | D:2      | Reached skill level 1 in Conjurations
   205 | D:2      | Reached XP level 3. HP: 19/28 MP: 7/7
   799 | D:3      | Reached XP level 4. HP: 34/35 MP: 9/9
   879 | D:3      | Reached skill level 1 in Short Blades
   890 | D:3      | Noticed Robin
   913 | D:3      | Killed Robin
  1455 | D:3      | Noticed Ijyb
  1466 | D:3      | Reached XP level 5. HP: 35/40 MP: 10/10
  1525 | D:4      | Found Eguony's Antique Weapon Shop.
  1603 | D:4      | HP: 2/40 [iguana (7)]
  1605 | D:4      | Reached skill level 3 in Spellcasting
  1753 | D:4      | Noticed an ogre
  1767 | D:4      | Killed an ogre
  1768 | D:4      | Reached skill level 5 in Spellcasting
  1768 | D:4      | Reached XP level 6. HP: 47/47 MP: 11/14
  1819 | D:4      | Reached skill level 6 in Spellcasting
  1862 | D:5      | Entered Level 5 of the Dungeon
  1904 | D:5      | Reached XP level 7. HP: 14/52 MP: 12/17
  2030 | D:5      | Learned a level 3 spell: Volatile Blastmotes
  2081 | D:5      | Reached skill level 5 in Conjurations
  2124 | D:6      | Noticed a steam dragon
  2221 | D:5      | HP: 2/52 [hound (4)]
  2228 | D:5      | Reached XP level 8. HP: 2/59 MP: 14/18
  2228 | D:5      | Mangled by an iguana

Illustrated notes

Levels and vault maps discovered:
D:1:      lemuel_arrival_lava_pool, layout_basic, minmay_misc_feat_diagonals
D:2:      layout_loops_ring
D:3:      layout_loops_ring, mainiacjoe_overflow_alcove_4, uniq_ijyb, uniq_robin
D:4:      layout_gridville, tso_altar, serial_shops, shop
D:5:      minmay_chambers_of_threes, layout_basic, general_overflow_altar,
          minmay_temple_entry_butterflies
D:6:      layout_basic, mainiacjoe_overflow_paths, grunt_temple_overflow_open

Skill      XL: |  1  2  3  4  5  6  7 |
---------------+----------------------+-----
Spellcasting   | 2 5 6 |  6.2
Maces & Flails | 1 2 |  2.8
Conjurations   | 1 5 |  5.6
Short Blades   | 1 |  1.8
Fighting       | |  1.1
Armour         | |  2.4
Dodging        | |  1.2
Stealth        | |  0.1
Fire Magic     | |  4.8
Earth Magic    | |  1.2

Action                     |  1- 3 |  4- 6 |  7- 9 || total
---------------------------+-------+-------+-------++-------
  Melee: Club              |     7 |       |       ||     7
         Whip              |    37 |       |       ||    37
         Dagger            |    51 |   101 |    69 ||   221
         Punch             |       |       |     1 ||     1
   Cast: Foxfire           |    11 |    31 |    30 ||    72
         Volatile Blastmot |       |       |     2 ||     2
    Use: Scroll            |       |     1 |     4 ||     5
         Potion            |       |       |     2 ||     2
 Armour: Leather armour    |    36 |    49 |    32 ||   117
  Dodge: Dodged            |    33 |    51 |    65 ||   149
